 Dungeon Crawl Stone Soup version 0.17-a0-1-g1f4be75 (webtiles) character file.

4061 Malachi the Merchant of Misery (level 10, -12/59 (63) HPs)
             Began as a Demonspawn Necromancer on Mar 9, 2015.
             Was a Believer of Kikubaaqudgha.
             Killed from afar by a centaur (19 damage)
             ... with a wand of lightning
             ... on level 8 of the Dungeon.
             The game lasted 00:39:18 (11734 turns).

Malachi the Merchant of Misery (DsNe)              Turns: 11734, Time: 00:39:19

HP:   -12/59 (63)   AC:  4    Str:  9    XL:     10   Next: 5%
MP:   0/24          EV: 14    Int: 19    God:    Kikubaaqudgha [**....]
Gold: 321           SH:  0    Dex: 18    Spells: 4 memorised, 13 levels left

rFire  . . .     SeeInvis .     m - +0 dagger (venom)
rCold  . . .     Clarity  .     n - +1 animal skin
rNeg   . . .     SustAb   +     (no shield)
rPois  .         Gourm    .     (helmet restricted)
rElec  .         Spirit   +     (no cloak)
rCorr  .         Warding  .     (no gloves)
rMut   .         Stasis   .     C - +0 pair of boots
MR     .....                    (no amulet)
Stlth  ++++......               (no ring)
                                j - ring of sustain abilities

@: not resistant to hostile enchantments, stealthy
A: horns 1, thin skeletal structure 2, demonic guardian 1, magic shield
a: Receive Corpses, Renounce Religion


You were on level 8 of the Dungeon.
You worshipped Kikubaaqudgha.
Kikubaaqudgha was pleased with you.
You were not hungry.

You visited 2 branches of the dungeon, and saw 9 of its levels.

You collected 321 gold pieces.

Inventory:

Hand weapons
 l - a +2 short sword of electrocution
 m - a +0 dagger of venom (weapon)
 y - a +2 shortbow of flaming
 A - a +0 blowgun
Missiles
 k - 33 poisoned needles
 z - 62 arrows
Armour
 a - a +0 robe
 n - a +1 animal skin (worn)
 o - a +2 helmet
 C - a +0 pair of boots (worn)
Jewellery
 j - a ring of sustain abilities (left hand)
 q - an uncursed ring of positive energy {unknown}
 s - an uncursed ring of fire
Magical devices
 f - a wand of lightning (3)
 g - a wand of teleportation (4)
Scrolls
 d - 2 scrolls of teleportation
 e - 4 scrolls of remove curse
 i - 10 scrolls of identify
 v - a scroll of amnesia
 x - 4 scrolls of enchant armour
Potions
 h - a potion of haste
 r - a potion of might
 w - a potion of flight
Books
 b - a book of Necromancy

   Spells                             Type                      Level
   a - Pain                           Necromancy                   1
   b - Animate Skeleton               Necromancy                   1
   c - Vampiric Draining              Necromancy                   3
   d - Regeneration                   Charms/Necromancy            3
   e - Animate Dead                   Necromancy                   4
   f - Control Undead                 Necromancy                   4
 B - Kikubaaqudgha's Almanac of Stolen Souls
   (Kikubaaqudgha gifted it to you on level 6 of the Dungeon)

   Spells                             Type                      Level
   a - Pain                           Necromancy                   1
   b - Corpse Rot                     Necromancy                   2
   c - Sublimation of Blood           Necromancy                   2
   d - Regeneration                   Charms/Necromancy            3
   e - Control Undead                 Necromancy                   4
Comestibles
 c - 6 bread rations
 p - a slice of pizza
 t - 4 meat rations
 u - 3 beef jerkies


   Skills:
 + Level 3.7 Short Blades
   Level 0.5 Slings
 * Level 4.0 Dodging
 * Level 6.2 Stealth
 + Level 6.8 Spellcasting
 * Level 11.0 Necromancy


You had 13 spell levels left.
You knew the following spells:

 Your Spells              Type           Power        Failure   Level  Hunger
a - Pain                  Necr           ####         1%          1    None
b - Animate Skeleton      Necr           N/A          1%          1    None
c - Vampiric Draining     Necr           #####.....   1%          3    #......
d - Animate Dead          Necr           N/A          1%          4    ###....


Dungeon Overview and Level Annotations

Branches:
Dungeon (8/15)             Temple (1/1) D:5
   Lair: D:8-11

Altars:
Dithmenos
Gozag
Kikubaaqudgha
Makhleb
Okawaru
Qazlal
Ru
Sif Muna
Vehumet
Xom
Yredelemnul

Shops:
D:5 ?   D:6 ?   D:8 (


Innate Abilities, Weirdness & Mutations

You have a pair of small horns on your head.
You have a moderately thin skeletal structure (Dex +4, Stealth+).
A weak demonic guardian rushes to your aid.
When hurt, damage is shared between your health and your magic reserves.


Message History

The centaur hits you with a warped quarterstaff!
You hit the centaur but do no damage.
The centaur zaps a wand.
The bolt of lightning hits you! The bolt of lightning misses you.
The bolt of lightning hits the centaur.
The centaur resists.
You hit the centaur but do no damage.
The centaur is moderately wounded.
The centaur zaps a wand.
The bolt of lightning hits you! The bolt of lightning misses you.
The bolt of lightning misses the centaur.
You hit the centaur but do no damage. You headbutt the centaur.
The centaur is severely wounded.
The centaur hits you with a warped quarterstaff.
You closely miss the centaur.
You headbutt the centaur, but do no damage.
The centaur is severely wounded.
The centaur zaps a wand.
The bolt of lightning hits you!
* * * LOW HITPOINT WARNING * * *
The bolt of lightning hits you!
You die...
Kikubaaqudgha rasps: "You have failed me!
Welcome... death!"

### #..#
#...###Z# #...#
#.#
####...###'###
#...........(# ##
#............#
#.##.
#)...#.......#
#....
#....#.......#
#####
#..c@#....)..# #
#####....#...# ##
#.##.###.# #.
#Z#....#.# #.
#Z#.####.#######.
#.#....#.....#)..
#Z####.....#.#...
#.#............##
#Z#.##......####.


You could see a centaur, a friendly gnoll zombie, a friendly gnoll zombie and 2
friendly orc zombies.

Vanquished Creatures
  Prince Ribbit (D:6)
  A wyvern (D:8)
  A hippogriff (D:3)
  Edmund (D:6)
  An ice beast (D:5)
  2 orc warriors
  3 sky beasts
  7 centaurs
  3 ogres
  Sigmund (D:2)
  2 giant frogs (D:8)
  A gnoll sergeant (D:8)
  Blork the orc (D:5)
  6 killer bees
  A water moccasin zombie (D:6)
  2 scorpions
  3 crimson imps
  6 orc priests
  2 hounds
  A giant frog skeleton (D:7)
  2 iguanas
  A centaur skeleton (D:4)
  An orc wizard (D:4)
  7 worker ants
  3 worker ant zombies
  9 adders
  10 gnolls
  A giant mite (D:4)
  A worm (D:4)
  2 orc zombies (D:8)
  9 giant geckos
  An ooze (D:5)
  17 orcs
  3 ball pythons
  14 bats
  A bat zombie (D:7)
  3 giant cockroaches
  21 hobgoblins
  9 jackals
  22 kobolds
  4 quokkas
  A giant gecko skeleton (D:6)
  9 giant newts
  16 goblins
  A goblin skeleton (D:2)
  A quokka skeleton (D:4)
  9 rats
  A rat skeleton (D:8)
  A ballistomycete (D:7)
226 creatures vanquished.

Vanquished Creatures (collateral kills)
  An orc warrior (D:8)
  A centaur (D:8)
  A necrophage (D:8)
  An ogre (D:8)
  A wasp (D:8)
  A giant frog (D:6)
  A hound (D:8)
  A crimson imp (D:5)
  An iguana (D:6)
  2 orc priests
  Robin (D:2)
  2 gnolls (D:6)
  An adder (D:6)
  A shadow imp (D:6)
  A worm (D:2)
  A giant gecko (D:7)
  6 orcs
  A giant cockroach (D:1)
  A jackal (D:6)
  2 kobolds
  3 giant newts
  A goblin (D:2)
  4 rats
  A ballistomycete (D:7)
  A bush (D:5)
38 creatures vanquished.

Vanquished Creatures (others)
  A wyvern zombie (D:8)
  4 crimson imps
  4 iron imps
  A quasit (D:5)
  A worker ant zombie (D:8)
  2 ufetubi
  3 white imps
  An adder skeleton (D:6)
  An orc (D:8)
  3 bat skeletons
  3 giant gecko skeletons
  3 giant newt skeletons
  A giant spore (D:7)
  6 goblin skeletons
  6 hobgoblin skeletons
  5 kobold skeletons
  A kobold zombie (D:6)
  3 orc skeletons (D:8)
  4 orc zombies
  A quokka skeleton (D:2)
  2 rat skeletons (D:2)
56 creatures vanquished.

Grand Total: 320 creatures vanquished

Notes
Turn   | Place    | Note
--------------------------------------------------------------
     0 | D:1      | Malachi, the Demonspawn Necromancer, began the quest for the Orb.
     0 | D:1      | Reached XP level 1. HP: 13/13 MP: 3/3
   539 | D:1      | Gained mutation: When hurt, damage is shared between your health and your magic reserves. [demonic ancestry]
   539 | D:1      | Reached XP level 2. HP: 14/19 MP: 1/4
  1242 | D:1      | Learned a level 1 spell: Animate Skeleton
  1356 | D:1      | Reached XP level 3. HP: 13/24 MP: 1/6
  1677 | D:2      | Reached skill level 5 in Necromancy
  1740 | D:2      | Noticed Robin
  1865 | D:2      | Killed Robin
  2140 | D:2      | Reached XP level 4. HP: 30/30 MP: 5/7
  2398 | D:2      | Learned a level 3 spell: Vampiric Draining
  2526 | D:2      | Noticed Sigmund
  2548 | D:2      | Your ally Robin died
  2566 | D:2      | Killed Sigmund
  2566 | D:2      | Reached skill level 6 in Necromancy
  2566 | D:2      | Gained mutation: You have a somewhat thin skeletal structure (Dex +2, Stealth). [demonic ancestry]
  2566 | D:2      | Reached XP level 5. HP: 24/35 MP: 1/10
  3276 | D:3      | Found a deep blue altar of Sif Muna.
  3281 | D:3      | Found an iron altar of Okawaru.
  3287 | D:3      | Found a burning altar of Makhleb.
  3725 | D:3      | Noticed a hippogriff
  3732 | D:3      | Killed a hippogriff
  3732 | D:3      | Reached XP level 6. HP: 33/41 MP: 5/13
  3735 | D:3      | Reached skill level 7 in Necromancy
  4276 | D:4      | Found a stormy altar of Qazlal.
  4952 | D:4      | Learned a level 4 spell: Animate Dead
  5225 | D:4      | Reached skill level 8 in Necromancy
  5225 | D:4      | Gained mutation: You have a moderately thin skeletal structure (Dex +4, Stealth+). [demonic ancestry]
  5225 | D:4      | Reached XP level 7. HP: 39/46 MP: 13/17
  5638 | D:5      | Entered Level 5 of the Dungeon
  6406 | D:5      | Found a staircase to the Ecumenical Temple.
  6427 | D:5      | Reached skill level 1 in Short Blades
  6427 | D:5      | Reached skill level 5 in Spellcasting
  6427 | D:5      | Gained mutation: A weak demonic guardian rushes to your aid. [demonic ancestry]
  6427 | D:5      | Reached XP level 8. HP: 52/52 MP: 20/20
  6435 | Temple   | Entered the Ecumenical Temple
  6463 | Temple   | Became a worshipper of Kikubaaqudgha
  6632 | D:5      | Found Zieselel's Magic Scroll Emporium.
  6642 | D:5      | Noticed Blork the orc
  6661 | D:5      | Killed Blork the orc
  7091 | D:5      | Reached skill level 9 in Necromancy
  7671 | D:6      | Noticed Edmund
  7684 | D:6      | Killed Edmund
  7939 | D:6      | Noticed Prince Ribbit
  7968 | D:6      | Killed Prince Ribbit
  8326 | D:6      | Reached XP level 9. HP: 57/57 MP: 22/22
  8351 | D:6      | Acquired Kikubaaqudgha's first power
  8351 | D:6      | Received a gift from Kikubaaqudgha
  8354 | D:6      | Identified Kikubaaqudgha's Almanac of Stolen Souls (Kikubaaqudgha gifted it to you on level 6 of the Dungeon)
  8418 | D:6      | Found Klyga's Magic Scroll Shop.
  8697 | D:7      | Reached skill level 5 in Stealth
  9165 | D:7      | Found a shimmering altar of Xom.
  9553 | D:7      | Reached skill level 10 in Necromancy
 10102 | D:8      | Found a deep blue altar of Sif Muna.
 10203 | D:8      | Found Thriutam's Antique Weapon Shop.
 10616 | D:8      | Acquired Kikubaaqudgha's second power
 11000 | D:8      | Gained mutation: You have a pair of small horns on your head. [demonic ancestry]
 11000 | D:8      | Reached XP level 10. HP: 38/59 MP: 1/24
 11006 | D:8      | Reached skill level 11 in Necromancy
 11734 | D:8      | Killed from afar by a centaur

Action                   |  1- 3 |  4- 6 |  7- 9 | 10-12 || total
-------------------------+-------+-------+-------+-------++-------
Melee: Unarmed           |    28 |       |       |       ||    28
       Short sword       |       |    53 |   118 |       ||   171
       Dagger            |       |    47 |   275 |    51 ||   373
       Falchion          |       |       |     3 |       ||     3
 Fire: Hunting sling     |    85 |    26 |       |       ||   111
       Blowgun           |       |       |     5 |       ||     5
Throw: Stone             |       |     1 |     1 |       ||     2
 Cast: Pain              |    41 |    31 |     1 |       ||    73
       Animate Skeleton  |    17 |    27 |    16 |       ||    60
       Vampiric Draining |       |     9 |    53 |     4 ||    66
       Animate Dead      |       |     1 |    19 |     1 ||    21
  Use: Scroll            |       |    10 |    10 |       ||    20
       Potion            |       |       |     3 |       ||     3
 Stab: Sleeping          |       |     5 |    23 |       ||    28
       Distracted        |       |       |     1 |       ||     1
  Eat: Chunk             |     4 |     9 |    23 |       ||    36
       Pizza             |       |     1 |       |       ||     1
       Bread ration      |       |       |       |     1 ||     1
